 Dungeon Crawl Stone Soup version 0.18.1-6-gd335043 (webtiles) character file.

2070 nubinia the Infuser (level 9, -1/38 (39) HPs)
             Began as a Spriggan Conjurer on May 16, 2016.
             Was a Follower of Ashenzari.
             Slain by a wyvern zombie (10 damage)
             ... on level 7 of the Dungeon.
             The game lasted 00:57:28 (11812 turns).

nubinia the Infuser (Spriggan Conjurer)            Turns: 11812, Time: 00:57:30

HP:   -1/38 (39)    AC: -1    Str:  4    XL:     9   Next: 5%
MP:   5/19          EV: 19    Int: 19    God:    Ashenzari [*.....]
Gold: 365           SH:  0    Dex: 17    Spells: 3 memorised, 11 levels left

rFire  + . .     SeeInvis +     a - +1 dagger (venom) (curse)
rCold  x . .     Gourm    .     i - +1 robe
rNeg   . . .     Faith    .     (shield restricted)
rPois  .         Spirit   .     (helmet restricted)
rElec  .         Dismiss  .     (no cloak)
rCorr  +         Reflect  .     (gloves unavailable)
SustAt .         Harm     .     (boots unavailable)
MR     +....                    (no amulet)
Stlth  +++.......               p - ring of fire (curse)
                                g - ring of resist corrosion (curse)

@: corroded, very quick, somewhat resistant to hostile enchantments, fairly
stealthy
A: unfitting armour, see invisible, herbivore 3, speed 3, slow metabolism 2
a: Curse Item, Scrying, Renounce Religion


You were on level 7 of the Dungeon.
You worshipped Ashenzari.
Ashenzari was aware of your devotion.
You were not hungry.

You visited 2 branches of the dungeon, and saw 8 of its levels.
You also visited: Ossuary.

You collected 365 gold pieces.

Inventory:

Hand Weapons
 a - a cursed +1 dagger of venom (weapon)
 b - a +0 blowgun
Missiles
 s - 32 poisoned needles
Armour
 i - a +1 robe (worn)
Jewellery
 g - a cursed ring of resist corrosion (left hand)
 p - a cursed ring of fire (right hand)
Wands
 x - a wand of confusion (37/48)
 D - a wand of flame (0/48)
Scrolls
 e - 3 scrolls of enchant armour
 h - a scroll of magic mapping {unknown}
 j - 6 scrolls of recharging
 k - 2 scrolls of fog
 r - a scroll of remove curse
 t - 3 scrolls of teleportation
 y - a scroll of enchant weapon
 B - a scroll of vulnerability {unknown}
 C - a scroll of amnesia
 F - a scroll of blinking {unknown}
 G - a scroll of fear {unknown}
Potions
 d - 2 potions of lignification
 f - a potion of might {unknown}
 l - a potion of berserk rage
 n - a potion of agility
 o - a potion of brilliance
 q - a potion of magic
 v - 2 potions of flight
 w - a potion of heal wounds
 z - 3 potions of cure mutation
 A - a potion of ambrosia
 E - a potion of haste {unknown}
 H - a potion of curing
Books
 m - a book of Conjurations

   Spells                             Type                      Level
   a - Magic Dart                     Conjuration                  1
   b - Searing Ray                    Conjuration                  2
   c - Dazzling Spray                 Conjuration/Hexes            3
   d - Fulminant Prism                Conjuration/Hexes            4
   e - Iskenderun's Mystic Blast      Conjuration                  4
   f - Iskenderun's Battlesphere      Conjuration/Charms           5
 u - a book of the Earth

   Spells                             Type                      Level
   a - Leda's Liquefaction            Hexes/Earth                  4
   b - Bolt of Magma                  Conjuration/Fire/Earth       5
   c - Statue Form                    Transmutation/Earth          6
   d - Iron Shot                      Conjuration/Earth            6
   e - Shatter                        Earth                        9
Comestibles
 c - 3 bread rations


   Skills:
 + Level 0.2 Fighting
 + Level 3.7 Dodging
 + Level 4.1 Stealth
 * Level 6.3 Spellcasting
 - Level 3.8 Conjurations
 * Level 6.2 Hexes
 * Level 11.6 Charms
 + Level 0.6 Evocations


You had 11 spell levels left.
You knew the following spells:

 Your Spells              Type           Power        Failure   Level  Hunger
a - Magic Dart            Conj           ###.         2%          1    None
b - Dazzling Spray        Conj/Hex       ####....     4%          3    ##.....
i - Iskenderun's Battles  Conj/Chrm      #####...     14%         5    #####..


Dungeon Overview and Level Annotations

Branches:
Dungeon (7/15)             Temple (1/1) D:6

Altars:
Ashenzari
Cheibriados
Dithmenos
Elyvilon
Fedhas
Gozag
Kikubaaqudgha
Makhleb
Nemelex Xobeh
Okawaru
Pakellas
Qazlal
Sif Muna
Trog
Vehumet
Xom
Yredelemnul
Zin
The Shining One

Annotations:
D:3 2 exclusions, Grinder; mistymad's ghost, amateur GrFi
D:7 Dowan; Duvessa; Joseph


Innate Abilities, Weirdness & Mutations

You are tiny and cannot use many weapons and most armour.
You have supernaturally acute eyesight.
You are a herbivore.
You cover ground extremely quickly.
You need consume almost no food.


Message History

The wyvern zombie misses you.
The wyvern zombie completely misses you.
You hit the wyvern zombie but do no damage.
The wyvern zombie bites you!
A jelly comes into view.
A jelly comes into view.
The jelly quivers. x2
You hit the jelly but do no damage.
The jelly is poisoned.
Your hands burn!
The jelly hits you.
You are splashed with acid!
The acid corrodes you!
The acid burns!
You resist.
Read which item? (? for menu, Esc to quit)
As you read the scroll labeled KOOLIFF KEISO, it crumbles to dust.
It is a scroll of amnesia.
Forget which spell ([?*] list [ESC] exit)?
Forget which spell ([?*] list [ESC] exit)?
Okay, then.
The wyvern zombie bites you.
* * * LOW HITPOINT WARNING * * *
The wyvern zombie bites you!
You die...

#.# #####
#.# #.# #.#
#.# #.# #.#
#.# #.# #.#
#.#
#.####J#
#....#J#
####.#@#
#######.#Z#
........#.#
..........#
###########


You could see 2 jellies and a wyvern zombie.

Vanquished Creatures
  An ogre (D:6)
  A phantom (D:5)
  A necrophage (D:6)
  A centaur (D:6)
  A giant frog (D:6)
  2 wyvern zombies
  A scorpion (D:4)
  4 killer bees (D:7)
  7 wights (D:7)
  A howler monkey (D:7)
  2 crimson imps (D:7)
  2 centaur zombies
  A giant frog zombie (D:6)
  2 human zombies
  A hound (D:7)
  A giant frog skeleton (D:6)
  3 iguanas
  2 worker ants
  Terence (D:3)
  5 orc wizards
  2 mummies (Ossuary)
  A hound zombie (D:7)
  2 hound skeletons (D:4)
  14 adders
  3 gnolls (D:4)
  6 oozes
  An adder skeleton (D:6)
  2 worms
  2 dart slugs
  4 giant geckos
  21 orcs
  4 ball pythons
  6 bats
  4 giant cockroaches
  16 goblins
  13 hobgoblins
  7 jackals (D:3)
  6 quokkas
  A giant gecko skeleton (D:7)
  3 giant newts
  A goblin zombie (Ossuary)
  10 hobgoblin zombies (Ossuary)
  3 jackal zombies (Ossuary)
  12 kobolds
  11 kobold zombies (Ossuary)
  7 orc zombies (Ossuary)
  7 rats
  3 rat zombies (Ossuary)
212 creatures vanquished.

Vanquished Creatures (others)
  A giant gecko skeleton (D:4)
1 creature vanquished.

Grand Total: 213 creatures vanquished

Notes
Turn   | Place    | Note
--------------------------------------------------------------
     0 | D:1      | nubinia the Spriggan Conjurer began the quest for the Orb.
     0 | D:1      | Reached XP level 1. HP: 9/9 MP: 5/5
   121 | D:1      | You fall through a shaft!
   347 | D:2      | Reached XP level 2. HP: 13/13 MP: 2/6
   850 | D:1      | Reached XP level 3. HP: 16/16 MP: 5/8
   880 | D:1      | Learned a level 3 spell: Dazzling Spray
  1813 | D:1      | Reached skill level 1 in Hexes
  2084 | D:2      | Reached XP level 4. HP: 21/21 MP: 3/10
  2219 | D:2      | Found an iron altar of Okawaru.
  2758 | D:3      | Reached XP level 5. HP: 24/24 MP: 7/12
  2801 | D:3      | Learned a level 5 spell: Iskenderun's Battlesphere
  2957 | D:3      | Reached skill level 1 in Charms
  2967 | D:3      | Noticed Terence
  2990 | D:3      | Killed Terence
  2990 | D:3      | Reached skill level 2 in Charms
  3369 | D:3      | Reached skill level 3 in Charms
  3487 | D:3      | Reached skill level 4 in Charms
  3702 | D:3      | Found an oddly glowing altar of Pakellas.
  3783 | D:3      | Noticed mistymad's ghost (amateur GrFi)
  3973 | D:2      | Reached XP level 6. HP: 9/28 MP: 10/13
  4128 | D:2      | Reached skill level 5 in Charms
  4741 | D:3      | Noticed Grinder
  4948 | D:4      | Found a sand-covered staircase.
  4952 | D:4      | Reached skill level 6 in Charms
  5291 | Ossuary  | Entered an ossuary
  5857 | Ossuary  | Reached skill level 7 in Charms
  6233 | Ossuary  | Reached XP level 7. HP: 23/32 MP: 6/14
  6741 | D:4      | Reached skill level 8 in Charms
  7548 | D:5      | Entered Level 5 of the Dungeon
  7950 | D:5      | Reached skill level 9 in Charms
  8080 | D:5      | Found a burning altar of Makhleb.
  8080 | D:5      | Found a white marble altar of Elyvilon.
  8082 | D:5      | Found a snail-covered altar of Cheibriados.
  8082 | D:5      | Found a radiant altar of Vehumet.
  8082 | D:5      | Found a shimmering altar of Xom.
  8082 | D:5      | Found an iron altar of Okawaru.
  8083 | D:5      | Found an ancient bone altar of Kikubaaqudgha.
  8718 | D:6      | Found a staircase to the Ecumenical Temple.
  8725 | Temple   | Entered the Ecumenical Temple
  8753 | Temple   | Became a worshipper of Ashenzari the Shackled
  8988 | D:6      | Reached skill level 10 in Charms
  8988 | D:6      | Reached XP level 8. HP: 30/35 MP: 5/15
  9475 | D:6      | Reached skill level 5 in Hexes
  9559 | D:6      | Reached skill level 11 in Charms
 10605 | D:7      | Reached skill level 5 in Spellcasting
 11003 | D:7      | Reached * piety under Ashenzari
 11042 | D:7      | Noticed Dowan
 11528 | D:7      | Noticed Joseph
 11663 | D:7      | Reached XP level 9. HP: 35/38 MP: 5/19
 11731 | D:7      | Noticed Duvessa
 11812 | D:7      | Slain by a wyvern zombie

Skill      XL: |  1  2  3  4  5  6  7  8 |
---------------+-------------------------+-----
Conjurations   | 3 |  3.8
Spellcasting   | 3 4 6 |  6.3
Hexes          | 1 2 4 6 |  6.2
Charms         | 4 7 10 11 | 11.6
Stealth        | 4 |  4.1
Fighting       | |  0.2
Dodging        | |  3.7
Evocations     | |  0.6

Action                   |  1- 3 |  4- 6 |  7- 9 || total
-------------------------+-------+-------+-------++-------
Melee: Dagger            |    20 |   106 |   191 ||   317
 Cast: Magic Dart        |    82 |   268 |   221 ||   571
       Dazzling Spray    |       |     9 |    32 ||    41
       Iskenderun's Batt |       |       |     8 ||     8
Invok: Curse Item        |       |       |     3 ||     3
Evoke: Wand              |       |       |     6 ||     6
  Use: Scroll            |     2 |     2 |     8 ||    12
       Potion            |       |       |     6 ||     6
 Stab: Sleeping          |     2 |     5 |     9 ||    16
       Invisible         |       |     2 |     6 ||     8
       Distracted        |       |       |     1 ||     1
  Eat: Pizza             |       |     1 |       ||     1
       Fruit             |       |     4 |     2 ||     6
       Royal jelly       |       |       |     1 ||     1
       Bread ration      |       |       |     1 ||     1
Armor: Robe              |       |     8 |    13 ||    21
Dodge: Dodged            |    17 |    80 |   160 ||   257
